 Dungeon Crawl Stone Soup version 0.24.0-13-gcf9b319 (webtiles) character file.

Game seed: 5399949343251569740, levelgen mode: deterministic

8849 Balder the Cleaver (level 11, -17/95 HPs)
             Began as a Minotaur Gladiator on Jan 10, 2020.
             Was a Priest of the Shining One.
             Demolished by a red ugly thing (20 damage)
             ... on level 11 of the Dungeon.
             The game lasted 00:46:08 (11658 turns).

Balder the Cleaver (Minotaur Gladiator)            Turns: 11658, Time: 00:46:09

Health: -17/95     AC: 13    Str: 20    XL:     11   Next: 15%
Magic:  11/13      EV: 11    Int:  5    God:    the Shining One [***...]
Gold:   506        SH: 11    Dex: 14    Spells: 10/10 levels left

rFire    . . .     SeeInvis .   a - +2 war axe
rCold    + . .     Gourm    .   (no shield)
rNeg     + . .     Faith    .   r - +0 chain mail
rPois    .         Spirit   .   c - +0 hat
rElec    .         Reflect  +   (no cloak)
rCorr    .         Harm     .   (no gloves)
MR       .....                  B - +1 pair of boots
Stlth    ..........             D - +3 amulet of reflection
HPRegen  0.25/turn              n - ring of protection from cold
MPRegen  0.13/turn              (no ring)

@: divine shield, about to teleport, very slightly contaminated, glowing
A: retaliatory headbutt, horns 2
a: Divine Shield, Renounce Religion


You were on level 11 of the Dungeon.
You worshipped the Shining One.
The Shining One was most pleased with you.
You were not hungry.

You visited 2 branches of the dungeon, and saw 13 of its levels.

You collected 506 gold pieces.

Inventory:

Hand Weapons
 a - a +2 war axe (weapon)
 l - a +0 mace of holy wrath
 q - a +1 dagger of venom
 y - a +3 spear of venom
 G - a +0 morningstar
 N - a +0 long sword of electrocution
Missiles
 d - 3 throwing nets
 p - 8 atropa-tipped darts
 u - 13 boomerangs (quivered)
 x - 13 javelins
 J - 33 sling bullets
Armour
 c - a +0 hat (worn)
 r - a +0 chain mail (worn)
 B - a +1 pair of boots (worn)
 E - the +1 leather armour of the Crown {MR+ Int+4 Stlth+}
   (You found it on level 9 of the Dungeon)

   It affects your intelligence (+4).
   It affects your resistance to hostile enchantments.
   It makes you more stealthy.
Jewellery
 n - a ring of protection from cold (left hand)
 D - a +3 amulet of reflection (around neck)
Wands
 b - a wand of disintegration (13)
 s - a wand of scattershot (4)
 z - a wand of enslavement (10)
 I - a wand of flame (21)
Scrolls
 g - 3 scrolls of teleportation
 h - 6 scrolls of remove curse
 j - 2 scrolls of enchant armour {unknown}
 k - 4 scrolls of identify
 m - a scroll of fear
 C - a scroll of magic mapping {unknown}
 F - a scroll of random uselessness {unknown}
 K - a scroll of holy word {unknown}
 L - a scroll of noise {unknown}
Potions
 e - 5 potions of lignification {unknown}
 i - 2 potions of curing
 t - 2 potions of magic {unknown}
 v - a potion of haste {unknown}
 w - 2 potions of ambrosia
 A - 2 potions of flight
 H - 2 potions of agility
 M - a potion of berserk rage {unknown}
Miscellaneous
 O - a box of beasts
Comestibles
 f - 10 rations
 P - 4 chunks of flesh


   Skills:
 * Level 8.7 Fighting
 * Level 3.0 Long Blades
 + Level 11.5(11.6) Axes
 - Level 2.2(7.8) Polearms
 * Level 6.6 Throwing
 * Level 8.7 Armour
 * Level 7.2 Dodging
 * Level 5.1 Invocations


You had 10 spell levels left.
You didn't know any spells.
Your spell library contained the following spells:

 Spells                   Type           Power        Failure   Level  Hunger
 Infusion                 Chrm           #...         99%         1    ##.....
 Shroud of Golubria       Chrm/Tloc      #.....       99%         2    ###....
 Song of Slaying          Chrm           #.......     99%         2    ###....
 Regeneration             Chrm/Necr      #.........   100%        3    ####...
 Spectral Weapon          Hex/Chrm       #.......     100%        3    ####...


Dungeon Overview and Level Annotations

Branches:
Dungeon (12/15)            Temple (1/1) D:5            Lair (0/6) D:11
    Orc: D:9-12

Altars:
Ashenzari
Cheibriados
Dithmenos
Elyvilon
Fedhas
Gozag
Hepliaklqana
Kikubaaqudgha
Makhleb
Nemelex Xobeh
Okawaru
Qazlal
Ru
Sif Muna
Trog
Uskayaw
Vehumet
Wu Jian
Xom
Yredelemnul
Zin
The Shining One

Shops:
D:4 !

Annotations:
D:10 exclusion: ice statue
D:11 2 transporters, bande's ghost, journeyman GrFi


Innate Abilities, Weirdness & Mutations

You reflexively headbutt those who attack you in melee.
You have a pair of horns on your head.


Message History

You slash the red ugly thing!
The red ugly thing is severely wounded.
The red ugly thing tail-slaps you!
* * * LOW HITPOINT WARNING * * *
You are engulfed in flames!
* * * LOW HITPOINT WARNING * * *
Blink to where?
Press: ? - help, Dir - move target cursor You are very lightly contaminated with residual magic.
As you read the scroll of blinking, it crumbles to dust.
Evoke which item? (* to show all) (? for menu, Esc to quit)
Aiming: Disintegrate
Press: ? - help, Shift-Dir - straight line, f - red ugly thing
Aim: a red ugly thing (severely wounded, haloed, chance to defeat MR: 48%)
The red ugly thing resists with some effort.
As you read the scroll of teleportation, it crumbles to dust.
You feel strangely unstable. The red ugly thing tail-slaps you!
* * * LOW HITPOINT WARNING * * *
You are engulfed in flames!!
You die...

#........#.#.##.#############.#
###........#......#..........©#.#
........... ..#.......Z...#.#
...........######.#..###.###..#.#
####........^.....#..#8#.#8#..#.#
# ..............#..........)#..
######+##........©#.....©....)#©.
.....# .........#y.........(#..
####.# .......@.#W.# #.#8#..#.#
#.# .......u.#Vy###.###..#.# #.#
.........#zW.........#.# ####.#
.........#Z..........#.# .....#
.........#############.# .....#
........................ .....#
..........#............. .....#
#+#########............. .....#
#.............


You could see a red ugly thing, a skeletal warrior, a spectral centaur warrior,
a phantom, a vampire, 2 vampire mosquitoes and bande's ghost.

Vanquished Creatures
  Urug (D:10)
  A centaur zombie (D:12)
  A centaur skeleton (D:10)
  A meliai (shapeshifter) (D:10)
  A hippogriff (D:11)
  A wyvern (D:8)
  9 yaks
  A spriggan (D:12)
  A hungry ghost (D:9)
  Grum (D:8)
  A steam dragon (D:12)
  3 water moccasins
  5 porcupines (D:11)
  4 orc warriors
  2 black bears
  A hornet zombie (D:5)
  A sky beast (D:10)
  3 ogres
  3 wolves (D:8)
  7 centaurs
  4 crocodiles (D:11)
  4 bullfrogs
  A gnoll sergeant (D:9)
  3 scorpions
  3 howler monkeys
  2 crimson imps
  A quasit (D:9)
  4 hounds
  A jelly (D:7)
  4 orc priests
  Jessica (D:2)
  2 iguanas
  14 orc wizards
  11 worker ants
  A hound skeleton (D:7)
  2 worker ant zombies
  7 gnolls
  12 adders
  A shadow imp (D:5)
  An adder zombie (D:7)
  An adder skeleton (D:8)
  2 worms
  5 dart slugs
  5 leopard geckos
  34 orcs
  3 giant cockroaches
  11 goblins
  5 hobgoblins
  12 jackals
  4 quokkas
  7 bats
  6 frilled lizards
  6 kobolds
  A leopard gecko skeleton (D:4)
  2 quokka zombies (D:6)
  3 rats (D:1)
234 creatures vanquished.

Vanquished Creatures (others)
  A troll (D:12)
  A water moccasin (D:12)
  A centaur (D:11)
  A jelly (D:12)
  A quokka (D:12)
5 creatures vanquished.

Grand Total: 239 creatures vanquished

Notes
Turn   | Place    | Note
-------+----------+-------------------------------------------
     0 | D:1      | Balder the Minotaur Gladiator began the quest for the Orb.
     0 | D:1      | Reached XP level 1. HP: 18/18 MP: 0/0
   186 | D:1      | Reached XP level 2. HP: 17/25 MP: 1/1
   290 | D:1      | Reached skill level 4 in Axes
   501 | D:1      | You fall into a shaft and drop 1 floor!
   567 | D:2      | Reached XP level 3. HP: 16/30 MP: 2/2
   884 | D:2      | Found a burning altar of Makhleb.
   901 | D:2      | Noticed Jessica
   907 | D:2      | Killed Jessica
   907 | D:2      | Reached skill level 1 in Armour
  1059 | D:1      | Reached XP level 4. HP: 37/37 MP: 3/3
  1496 | D:2      | Reached skill level 5 in Axes
  1773 | D:3      | You fall into a shaft and drop 3 floors!
  1817 | D:6      | Reached XP level 5. HP: 45/45 MP: 4/4
  1862 | D:6      | Reached skill level 6 in Axes
  1975 | D:5      | Entered Level 5 of the Dungeon
  2824 | D:4      | Found a blossoming altar of Fedhas.
  2875 | D:4      | Noticed a centaur
  2883 | D:4      | Killed a centaur
  2883 | D:4      | Reached XP level 6. HP: 48/51 MP: 5/5
  2961 | D:4      | Reached skill level 7 in Axes
  3068 | D:4      | Found Xecsuitz's Distillery.
  3194 | D:4      | Reached XP level 7. HP: 59/59 MP: 6/6
  3621 | D:5      | Found a staircase to the Ecumenical Temple.
  3635 | Temple   | Entered the Ecumenical Temple
  3806 | Temple   | Became a worshipper of the Shining One
  4410 | D:5      | Reached skill level 8 in Axes
  4827 | D:6      | Reached skill level 1 in Invocations
  5070 | D:6      | Reached XP level 8. HP: 67/67 MP: 7/7
  5361 | D:7      | Reached * piety under the Shining One
  5378 | D:6      | Reached skill level 9 in Axes
  5378 | D:6      | Reached skill level 5 in Dodging
  5649 | D:7      | Reached skill level 5 in Fighting
  5894 | D:7      | Reached skill level 5 in Armour
  6413 | D:8      | Noticed Grum
  6416 | D:8      | Reached XP level 9. HP: 65/74 MP: 9/9
  6431 | D:8      | Reached skill level 10 in Axes
  6442 | D:8      | Killed Grum
  7091 | D:8      | Found a blossoming altar of Fedhas.
  7130 | D:8      | Reached skill level 5 in Throwing
  8050 | D:9      | Got a warped leather armour
  8070 | D:9      | Identified the +1 leather armour of the Crown {MR+ Int+4
                  | Stlth+} (You found it on level 9 of the Dungeon)
  8700 | D:9      | Reached ** piety under the Shining One
  8851 | D:10     | Entered Level 10 of the Dungeon
  8871 | D:10     | Reached skill level 1 in Polearms
  9171 | D:10     | Noticed an ice devil
  9172 | D:10     | Noticed Urug
  9173 | D:10     | Noticed an ice devil
  9192 | D:10     | The Shining One protects you from harm!
  9193 | D:10     | Killed Urug
  9193 | D:10     | Reached XP level 10. HP: 10/86 MP: 8/12
  9622 | D:10     | You fall into a shaft and drop 2 floors!
  9643 | D:12     | Reached skill level 1 in Long Blades
  9976 | D:11     | Reached skill level 11 in Axes
 10001 | D:11     | Found a staircase to the Lair.
 10798 | D:10     | Reached XP level 11. HP: 95/95 MP: 13/13
 10798 | D:10     | Reached *** piety under the Shining One
 10817 | D:10     | Reached skill level 5 in Invocations
 11562 | D:11     | Noticed a skeletal warrior
 11569 | D:11     | Found a transporter.
 11571 | D:11     | Found a transporter.
 11571 | D:11     | Noticed bande's ghost (journeyman GrFi)
 11642 | D:11     | Noticed a red ugly thing
 11658 | D:11     | HP: 3/95 [red ugly thing (8)]
 11658 | D:11     | Demolished by a red ugly thing

Levels and vault maps discovered:
D:1:      wander_arrival_desolate, layout_rooms, minmay_tall_x
D:2:      layout_rooms, bloody_makhleb, uniq_jessica
D:3:      layout_basic, minivault_19
D:4:      layout_loops_corners, fedhas_ov_isle_minmay, serial_shops,
          nicolae_shop_stone, minmay_vboxes
D:5:      layout_basic, minmay_temple_entry_antechambers, first_ration
D:6:      minmay_inner_zag, layout_basic
D:7:      layout_gridville
D:8:      layout_loops_corners, basic_altar, uniq_grum
D:9:      layout_roguey
D:10:     cheibrodos_frozen_isle, layout_irregular_city, uniq_urug
D:11:     layout_basic, minmay_lair_entry_grove, gammafunk_ghost_mausoleum
D:12:     layout_cross, orc_0_dummy, basic_altar, the_bakery, uniq_azrael
Temple:   regret_index_temple_chain_breaker

Skill      XL: |  1  2  3  4  5  6  7  8  9 10 11 |
---------------+----------------------------------+-----
Axes           | 4 5 6 7 8 9 10 11 | 11.5
Armour         | 1 2 4 5 7 8 |  8.7
Dodging        | 4 5 6 7 |  7.2
Fighting       | 3 4 5 7 8 |  8.7
Throwing       | 3 4 5 6 |  6.6
Invocations    | 1 2 4 5 |  5.1
Polearms       | 1 2 |  2.2
Long Blades    | 2 3 |  3.0

Action                   |  1- 3 |  4- 6 |  7- 9 | 10-12 || total
-------------------------+-------+-------+-------+-------++-------
Melee: War axe           |    51 |   152 |   260 |   146 ||   609
       Headbutt          |     4 |    19 |    61 |    27 ||   111
       Spear             |       |       |    40 |       ||    40
       Long sword        |       |       |       |     2 ||     2
Throw: Throwing net      |     1 |       |       |       ||     1
       Boomerang         |       |       |    51 |    36 ||    87
Invok: Divine Shield     |       |       |     1 |     3 ||     4
Evoke: Wand              |       |       |     2 |     1 ||     3
  Use: Scroll            |       |     1 |    14 |     6 ||    21
       Potion            |       |       |     3 |     2 ||     5
  Eat: Chunk             |       |     7 |    10 |     5 ||    22
       Ration            |       |       |     3 |     1 ||     4
Armor: Leather armour    |    15 |     6 |       |       ||    21
       Chain mail        |       |    73 |   130 |    67 ||   270
Dodge: Dodged            |    37 |    88 |   154 |    78 ||   357
Block: Other             |       |       |    23 |    45 ||    68
       Reflection        |       |       |       |     4 ||     4
